 Dungeon Crawl Stone Soup version 0.30-a0-377-g5cb311bc9f (console) character file.

Game seed: 2946227344612460443

223 rlgrobin the Cutter (level 5, -1/31 HPs)
             Began as a Deep Elf Chaos Knight on Nov 29, 2022.
             Was a Plaything of Xom.
             Slain by Eustachio
             ... wielding a +0 falchion
              (12 damage)
             ... on level 4 of the Dungeon.
             The game lasted 00:06:19 (1414 turns).

rlgrobin the Cutter (Deep Elf Chaos Knight)         Turns: 1414, Time: 00:06:20

Health: -1/31      AC: 13    Str:  9    XL:     5   Next: 66%
Magic:  7/7        EV: 10    Int: 19    God:    Xom [*.....]
Gold:   1385       SH:  0    Dex: 14    Spells: 4/4 levels left

rFire   + . .      SeeInvis .    a - +0 short sword (chaos)
rCold   . . .      Faith    .    (no shield)
rNeg    + . .      Spirit   .    n - +8 ring mail of Patterns {rN+}
rPois   +          Reflect  .    (no helmet)
rElec   .          Harm     .    (no cloak)
rCorr   .          Rampage  .    (no gloves)
Will    .....                    (no boots)
Stlth   ++........               h - amulet of regeneration
HPRegen 1.05/turn                l - ring of poison resistance
MPRegen 0.10/turn                p - ring of protection from fire

@: hasted, very quick
A: no striking features
a: Renounce Religion


You were on level 4 of the Dungeon.
You worshipped Xom.
You were a special plaything of Xom.
You visited 1 branch of the dungeon, and saw 3 of its levels.

You collected 1385 gold pieces.

Inventory:

Hand Weapons
 a - a +0 short sword of chaos (weapon)
Missiles
 e - 2 boomerangs
Armour
 b - a +2 leather armour
 n - the +8 ring mail of Patterns (worn) {rN+}
   (You found it on level 2 of the Dungeon)

   rN:        It protects you from negative energy.
Jewellery
 h - an amulet of regeneration (around neck)
 i - a ring of fire
 l - a ring of poison resistance (left hand)
 p - a ring of protection from fire (right hand)
Scrolls
 d - a scroll of immolation {unknown}
 f - 5 scrolls of identify {unknown}
 j - a scroll of enchant armour {unknown}
 k - a scroll of blinking {unknown}
 m - a scroll of vulnerability {unknown}
Miscellaneous
 c - a piece from Xom's chessboard (9/15) (quivered)


   Skills:
 - Level 2.4 Fighting
 + Level 5.3 Short Blades
 - Level 0.7 Armour
 - Level 2.4 Dodging
 - Level 4.5 Stealth


You had 4 spell levels left.
You didn't know any spells.
Your spell library contained the following spells:

 Spells                   Type           Power      Damage    Failure   Level
 Gell's Gravitas          Tloc           0%         N/A       86%         3
 Lesser Beckoning         Tloc           0%         N/A       86%         3
 Teleport Other           Tloc           0%         N/A       86%         3


Dungeon Overview and Level Annotations

Branches:
Dungeon (2/15)

Altars:
Xom

Annotations:
D:4 Eustachio


Message History

Eustachio barely misses you.
You make a move on Xom's chessboard...
The endoplasm struggles to resist.
Eustachio closely misses you.
You make a move on Xom's chessboard...
Eustachio is unaffected.
Eustachio closely misses you.
You closely miss Eustachio.
Eustachio is moderately wounded.
Eustachio hits you with a +0 falchion!
You make a move on Xom's chessboard...
Eustachio resists with significant effort.
Eustachio hits you but does no damage.
You make a move on Xom's chessboard...
The endoplasm seems to slow down.
Eustachio hits you but does no damage.
You make a move on Xom's chessboard...
The endoplasm is outlined in light.
The endoplasm seems less confused.
Eustachio barely misses you.
You hit Eustachio.
Eustachio's magic leaks into the air.
Eustachio is moderately wounded.
Eustachio hits you with a +0 falchion.
You make a move on Xom's chessboard...
Eustachio is outlined in light.
Eustachio barely misses you.
You closely miss Eustachio.
Eustachio is moderately wounded.
Eustachio's magic is no longer disrupted.
You hit Eustachio but do no damage.
Eustachio is moderately wounded.
Eustachio hits you with a +0 falchion.
* * * LOW HITPOINT WARNING * * *
You hit Eustachio. You freeze Eustachio.
Eustachio is heavily wounded.
Eustachio closely misses you.
You hit Eustachio but do no damage.
Eustachio is heavily wounded.
You hit Eustachio but do no damage.
Eustachio is heavily wounded.
Eustachio hits you but does no damage. The endoplasm closely misses you.
You barely miss Eustachio.
Eustachio is heavily wounded.
Eustachio hits you with a +0 falchion!
You die...
Xom cackles wildly!

#.. #.. ##.. ...
###.### #.....#
##.#...).### #
.......).J.# ...
##.#.....#@###...##
#.....#@........ ..#
###^###.####.### #.#
###.###.####.# #.#
...........#.# #.#
###<###.##>#.# ##.##
#.##..$#.#.####...##
#....>.............###
####...#######........


You could see Eustachio (berserk, drained, corona) and an endoplasm (slow,
corona).

Vanquished Creatures
  An ogre (D:4)
  A scorpion (D:4)
  2 dart slugs (D:1)
  8 ball pythons
  4 bats
  5 endoplasms
  4 giant cockroaches
  3 goblins (D:1)
  9 hobgoblins
  2 quokkas
  9 frilled lizards
  6 kobolds
  8 rats
62 creatures vanquished.

Vanquished Creatures (collateral kills)
  A rat (D:1)
1 creature vanquished.

Grand Total: 63 creatures vanquished

Notes
Turn   | Place    | Note
-------+----------+-------------------------------------------
     0 | D:1      | rlgrobin the Deep Elf Chaos Knight began the quest for the
                  | Orb.
     0 | D:1      | Reached XP level 1. HP: 13/13 MP: 3/3
    32 | D:1      | Reached XP level 2. HP: 15/18 MP: 4/4
    38 | D:1      | XOM: silly message
    89 | D:1      | XOM: silly message
   116 | D:1      | XOM: silly message
   242 | D:1      | Reached XP level 3. HP: 19/22 MP: 5/5
   422 | D:1      | XOM: noise
   541 | D:1      | XOM: divination: detect creatures
   635 | D:1      | XOM: god gift: 1303 gold pieces
   724 | D:1      | XOM: 1-stop teleportation journey
   952 | D:2      | Found a shimmering altar of Xom.
   978 | D:2      | Identified the +8 ring mail of Patterns {rN+}
  1086 | D:2      | XOM: 8-stop teleportation journey
  1099 | D:2      | Reached XP level 4. HP: 25/27 MP: 6/6
  1142 | D:2      | XOM: summons 3 hostile demons
  1161 | D:2      | You fall into a shaft and drop 2 floors!
  1263 | D:4      | Noticed a scorpion
  1268 | D:4      | Killed a scorpion
  1269 | D:4      | Reached skill level 4 in Short Blades
  1358 | D:4      | Reached XP level 5. HP: 31/31 MP: 7/7
  1369 | D:4      | Noticed an ogre
  1372 | D:4      | XOM: confusion (+ monsters)
  1378 | D:4      | Noticed Eustachio
  1383 | D:4      | Killed an ogre
  1384 | D:4      | Reached skill level 5 in Short Blades
  1392 | D:4      | XOM: repel stairs
  1414 | D:4      | Slain by Eustachio

Illustrated notes

Levels and vault maps discovered:
D:1:      matt_arrival_diagonals, layout_rooms, minmay_pentomino_w4
D:2:      layout_loops_cross, basic_altar, chequers_arboretum
D:4:      layout_loops_ring, mainiacjoe_overflow_tiny_flanked, uniq_eustachio

Skill      XL: |  1  2  3  4  5 |
---------------+----------------+-----
Stealth        | 2 3 4 |  4.5
Short Blades   | 4 5 |  5.3
Fighting       | |  2.4
Armour         | |  0.7
Dodging        | |  2.4

Action                   |  1- 3 |  4- 6 || total
-------------------------+-------+-------++-------
Melee: Short sword       |   156 |    52 ||   208
       Punch             |     1 |       ||     1
Evoke: Piece from Xom's  |     2 |     6 ||     8
  Use: Potion            |       |     2 ||     2
 Stab: Sleeping          |     8 |     4 ||    12
       Distracted        |     1 |       ||     1
       Confused          |       |     2 ||     2
Armor: Leather armour    |    43 |       ||    43
       Ring mail         |     3 |    18 ||    21
Dodge: Dodged            |    92 |    26 ||   118

Table legend: (Time is in decaauts)
 A = Elapsed time spent in this place.
 B = Non-inter-level travel time spent in this place.
 C = Inter-level travel time spent in this place.
 D = Time resting spent in this place.
 E = Time spent auto-exploring this place.
 F = Levels seen in this place.
 G = Mean time per level.
                   A        B        C        D        E       F      G
               +--------+--------+--------+--------+--------+-----+--------+
         Total |   1367 |   1317 |     50 |    102 |    696 |   3 |  455.7 |
       Dungeon |   1367 |   1317 |     50 |    102 |    696 |   3 |  455.7 |
               +--------+--------+--------+--------+--------+-----+--------+

Top non-repeatable levels by time:
     D:1: 738 daAuts
     D:2: 396 daAuts
     D:4: 232 daAuts
